 Dungeon Crawl Stone Soup version 0.18-a0-1575-g920359c (webtiles) character file.

1059 4thArraOfDagon the Insei (level 8, -4/70 HPs)
             Began as a Purple Draconian Monk on Mar 16, 2016.
             Was a Priest of Cheibriados.
             Killed from afar by an orc wizard (12 damage)
             ... with a puff of flame
             ... on level 6 of the Dungeon.
             The game lasted 00:12:03 (2012 turns).

4thArraOfDagon the Insei (Purple Draconian Monk)    Turns: 2012, Time: 00:12:03

Health: -4/70      AC:  9    Str: 20    XL:     8   Next: 6%
Magic:  16/19      EV: 15    Int: 21    God:    Cheibriados [***...]
Gold:   143        SH:  0    Dex: 20    Spells: 0 memorised, 7 levels left

rFire  . . .     SeeInvis .       - Unarmed
rCold  . . .     Gourm    .     (armour unavailable)
rNeg   . . .     Faith    .     (no shield)
rPois  .         Spirit   .     (helmet restricted)
rElec  .         Dismiss  .     (no cloak)
rCorr  .         Reflect  .     g - +2 pair of gloves
SustAt .         Harm     +     (no boots)
MR     +....                    y - amulet of harm
Stlth  ++........               (no ring)
                                D - ring of magical power

@: very slow, somewhat resistant to hostile enchantments, unstealthy
A: breathe power, unfitting armour, sense surroundings 1, cold-blooded, AC +6
a: Breathe Dispelling Energy, Bend Time, Temporal Distortion, Renounce Religion


You were on level 6 of the Dungeon.
You worshipped Cheibriados.
Cheibriados was most pleased with you.
You were very hungry.

You visited 1 branch of the dungeon, and saw 7 of its levels.
You also visited: Ossuary.

You collected 143 gold pieces.

Inventory:

Hand Weapons
 l - a +0 blowgun
Missiles
 m - 27 poisoned needles
 v - 8 steel tomahawks (quivered)
Armour
 g - a +2 pair of gloves (worn)
Magical Staves
 q - an uncursed staff of power {!a}
Jewellery
 y - an amulet of harm (around neck)
 D - a ring of magical power (left hand)
Wands
 w - a wand of polymorph (13/24)
 B - a wand of flame (32/48)
Scrolls
 b - 2 scrolls of remove curse {unknown}
 f - 2 scrolls of magic mapping {unknown}
 n - a scroll of enchant armour
 o - 3 scrolls of noise {unknown}
 p - 4 scrolls of immolation
 s - a scroll of fog {unknown}
 t - a scroll of amnesia
 z - a scroll of identify
 A - a scroll of blinking
Potions
 e - a potion of lignification
 h - a potion of brilliance {unknown}
 j - a potion of heal wounds {unknown}
 u - a potion of haste {unknown}
 x - a potion of resistance
Comestibles
 a - 2 bread rations
 d - 2 meat rations
 i - a royal jelly
 k - 4 fruits


   Skills:
 + Level 5.9 Fighting
 + Level 4.6 Dodging
 - Level 1.7 Stealth
 * Level 7.2 Unarmed Combat
 + Level 3.8 Invocations


You had 7 spell levels left.
You didn't know any spells.

Dungeon Overview and Level Annotations

Branches:
Dungeon (7/15)
 Temple: D:4-7

Altars:
Cheibriados
Fedhas
Kikubaaqudgha
Zin
The Shining One


Innate Abilities, Weirdness & Mutations

You can breathe bolts of dispelling energy.
Your rich purple scales are hard (AC +6).
Your body does not fit into most forms of armour.
You are cold-blooded and may be slowed by cold attacks.
You passively map a small area around you.


Message History

The orc wizard flickers and vanishes!
Deactivating autopickup; reactivate with Ctrl-A.
Unknown command.
You miss something.
Unknown command.
Unknown command.
Unknown command.
Unknown command.
Unknown command.
Unknown command.
You have got your breath back.
Unknown command.
Unknown command.
A magic dart appears from out of thin air!
The magic dart hits you!
* * * LOW HITPOINT WARNING * * *
You hear some strange, mumbled words.
A puff of flame appears from out of thin air!
The puff of flame hits you!
You die...

#.##.###.....
#......##### **,
###.##.###.####
#.......o...
#..>..........
........... .
###.##.###.#.#
##....,,.... ,. #.##.#
###, #....# #.., ..
#.##.# , #.#..# *#.###.#
#.##.# # *,* #.#..#
#.....# #.##.#
....####.#..#######..###
#.....
.......@................
### +#
.........#..#######..###
*##########..########.#
# , #{.......).o### *
#.#########.#.. * *#.#
#.... , ..##########...
, , ...#...........#
,....#...........#


There were no monsters in sight!

Vanquished Creatures
  Grinder (D:5)
  Edmund (D:5)
  2 giant frogs
  A howler monkey (D:4)
  A centaur zombie (Ossuary)
  4 hounds
  2 orc priests (D:6)
  2 orc wizards (D:4)
  3 worker ants
  A killer bee zombie (D:5)
  A big kobold zombie (Ossuary)
  4 mummies (Ossuary)
  A hound skeleton (D:4)
  4 gnolls (D:3)
  5 adders
  A shadow imp (D:7)
  2 adder zombies (D:6)
  A worm (D:4)
  2 dart slugs
  A giant gecko (D:2)
  10 orcs
  5 giant cockroaches
  4 hobgoblins
  3 ball pythons
  3 bats
  2 giant newts
  A goblin (D:2)
  A goblin zombie (Ossuary)
  A hobgoblin zombie (Ossuary)
  3 kobolds
  A kobold zombie (Ossuary)
  3 orc zombies (Ossuary)
  A quokka skeleton (D:4)
  2 rats
80 creatures vanquished.

Vanquished Creatures (others)
  A fungus (D:7)
1 creature vanquished.

Grand Total: 81 creatures vanquished

Notes
Turn   | Place    | Note
--------------------------------------------------------------
     0 | D:1      | 4thArraOfDagon the Draconian Monk began the quest for the Orb.
     0 | D:1      | Reached XP level 1. HP: 19/19 MP: 1/1
   124 | D:2      | Reached XP level 2. HP: 26/26 MP: 2/2
   192 | D:2      | Found a blossoming altar of Fedhas.
   192 | D:2      | Found a glowing golden altar of the Shining One.
   194 | D:2      | Found a glowing silver altar of Zin.
   320 | D:3      | Reached XP level 3. HP: 7/31 MP: 3/3
   459 | D:4      | Reached XP level 4. HP: 24/40 MP: 4/4
   487 | D:4      | Reached skill level 5 in Unarmed Combat
   509 | D:4      | Found an ancient bone altar of Kikubaaqudgha.
   526 | D:4      | Found a snail-covered altar of Cheibriados.
   530 | D:4      | Became a worshipper of Cheibriados the Contemplative
   530 | D:4      | Reached * piety under Cheibriados
   530 | D:4      | Reached ** piety under Cheibriados
   558 | D:4      | Found a sand-covered staircase.
   563 | Ossuary  | Entered an ossuary
   719 | Ossuary  | Reached XP level 5. HP: 32/47 MP: 5/5
   759 | Ossuary  | Reached skill level 1 in Invocations
   810 | D:4      | You fall through a shaft for 2 floors!
   918 | D:6      | Reached XP level 6. HP: 31/55 MP: 7/7
   975 | D:6      | Noticed an orc warrior
  1243 | D:5      | Entered Level 5 of the Dungeon
  1243 | D:5      | Noticed Edmund
  1262 | D:5      | HP: 2/55 [Edmund/dire flail (10)]
  1266 | D:5      | Killed Edmund
  1266 | D:5      | Reached skill level 5 in Fighting
  1266 | D:5      | Reached skill level 6 in Unarmed Combat
  1310 | D:5      | Noticed Grinder
  1310 | D:5      | Paralysed by Grinder for 4 turns
  1320 | D:5      | Your scales start taking on a rich purple colour.
  1320 | D:5      | Reached XP level 7. HP: 20/61 MP: 6/9
  1326 | D:5      | Killed Grinder
  1367 | D:5      | Turgon: Heyo - so, after watching at crawl legends and Sapher,
  1389 | D:5      | Turgon: are you ready for 19 k?
  1393 | D:5      | Turgon: :-)
  1394 | D:5      | Gained mutation: Scrolls take you a little longer to read. [potion of mutation]
  1394 | D:5      | Gained mutation: You passively map a small area around you. [potion of mutation]
  1394 | D:5      | Lost mutation: Scrolls take you a little longer to read. [potion of mutation]
  1395 | D:5      | 4thArraOfDagon: what
  1395 | D:5      | 4thArraOfDagon: ahh
  1395 | D:5      | 4thArraOfDagon: yeah
  1395 | D:5      | 4thArraOfDagon: totally:)
  1425 | D:5      | Turgon: Your post in tavern
  1425 | D:5      | 4thArraOfDagon: anyway i would expect charly's game next
  1425 | D:5      | 4thArraOfDagon: 'mysteriously deleted game'
  1425 | D:5      | Turgon: It's STILL not in the scoring tables
  1425 | D:5      | Turgon: I don't like it
  1425 | D:5      | 4thArraOfDagon: yea, thats bad
  1602 | D:4      | Reached *** piety under Cheibriados
  1635 | D:3      | Reached skill level 7 in Unarmed Combat
  1795 | D:4      | Reached XP level 8. HP: 65/70 MP: 9/10
  1856 | D:4      | Turgon: You don't like purple, right? Having MR means no free abyssal rune (unless you are hit with weapon)
  1923 | D:5      | 4thArraOfDagon: :)
  1923 | D:5      | 4thArraOfDagon: you know me
  1923 | D:5      | 4thArraOfDagon: yeah i wonder how does purple drag looks like
  1979 | D:6      | Turgon: Well, in fact MR+ is strong ofc
  1999 | D:6      | HP: 1/70 [orc warrior/short sword (17)]
  2001 | D:6      | Turgon: Oh, btw Chei again
  2012 | D:6      | Killed from afar by an orc wizard

Vault maps used:
D:1:      dpeg_arrival_more_subterranean_lakeside_camping, lemuel_another_geyser
D:2:      nicolae_overflow_hidden_temple
D:4:      kennysheep_spiral_hall, nicolae_overflow_quartered_altars,
          first_bread, enter_ossuary_2, corner_web_ring
D:5:      uniq_edmund, uniq_grinder
D:7:      minmay_temple_entry_purple_smoke, the_bakery, minmay_misc_feat_plants,
          johnstein_pakellas_death_squad
Ossuary:  ossuary_crypta

Skill      XL: |  1  2  3  4  5  6  7 |
---------------+----------------------+-----
Dodging        | 3 4 |  4.6
Fighting       | 4 5 |  5.9
Unarmed Combat | 5 6 7 |  7.2
Invocations    | 2 3 |  3.8
Stealth        | |  1.7

Action                   |  1- 3 |  4- 6 |  7- 9 || total
-------------------------+-------+-------+-------++-------
Melee: Unarmed           |    68 |   133 |    89 ||   290
 Fire: Blowgun           |    12 |    11 |       ||    23
Invok: Bend Time         |       |       |     1 ||     1
       Temporal Distorti |       |       |     1 ||     1
 Abil: Breathe Dispellin |       |       |     1 ||     1
  Use: Scroll            |       |     9 |     2 ||    11
       Potion            |       |     4 |     2 ||     6
 Stab: Sleeping          |       |     5 |       ||     5
  Eat: Chunk             |       |       |     1 ||     1
